cohdb
Replays
Latest Replays
All Replays
Popular Replays
Top Player Replays
Match Explorer
How It Works
Community
CoH3 Stats
Reddit
Sign in to upload your games and track your stats! →
Sign in with Steam
Match 46983480
Unlisted
Match 46983480
Overview
Messages
Build Orders
End
Engineer Squad
Construct Weapon Support Center
M1919 Machine Gun Team
M1919 Machine Gun Team
M1919 Machine Gun Team
Bazooka Squad
Construct Medical Station
Selects Special Operations Battlegroup
Selects Smoke Screen
Smoke Screen
Improved M9 Bazooka Rockets
Infantry Support Center
Selects SSF Commando Squad
SSF Commando Squad
Smoke Screen
M3 Armored Personnel Carrier
SSF Commando Squad
Selects M29 Weasel Recon Vehicle
Klaus The Mouth
Willaguy
0
0
Comments
sign in to comment!
No comments posted yet!